 Dungeon Crawl Stone Soup version 0.20-a0-941-gba1b1f9 (webtiles) character file.

540 Alarkh the Insei (level 7, 50/60 HPs)
             Began as a Grey Draconian Monk on Mar 31, 2017.
             Quit the game on level 4 of the Dungeon.
             The game lasted 00:03:13 (3115 turns).

Alarkh the Insei (Grey Draconian Monk)              Turns: 3115, Time: 00:03:13

Health: 50/60      AC: 11    Str: 17      XL:     7   Next: 5%
Magic:  7/7        EV: 13    Int: 13      God:
Gold:   141        SH:  0    Dex: 10 (13) Spells: 6/6 levels left

rFire    . . .     SeeInvis .     - Unarmed
rCold    . . .     Gourm    .   (no shield)
rNeg     . . .     Faith    .   (armour unavailable)
rPois    .         Spirit   .   (helmet restricted)
rElec    .         Reflect  .   (no cloak)
rCorr    .         Harm     .   (no gloves)
MR       .....                  (no boots)
Stlth    ++........             (no amulet)
Regen    0.2/turn               e - +4 ring of strength
MPRegen  0.1/turn               (no ring)

@: no status effects
A: walk through water, unfitting armour, unbreathing, cold-blooded, AC +11
a: no special abilities


You were on level 4 of the Dungeon.
You were not hungry.

You visited 1 branch of the dungeon, and saw 4 of its levels.

You collected 141 gold pieces.

Inventory:

Armour
 v - a +0 buckler
Jewellery
 e - a +4 ring of strength (left hand)
 w - a cursed amulet of inaccuracy {unknown}
 x - a +5 amulet of reflection {unknown}
Wands
 y - a wand of confusion (24/48)
Scrolls
 b - 3 scrolls of enchant armour {unknown}
 i - a scroll of amnesia {unknown}
 j - a scroll of fear {unknown}
 l - 3 scrolls of teleportation {unknown}
 m - 2 scrolls of recharging {unknown}
 n - 3 scrolls of identify {unknown}
 o - 2 scrolls of blinking {unknown}
 r - a scroll of noise {unknown}
Potions
 c - 3 potions of agility
 d - a potion of haste {unknown}
 g - a potion of brilliance {unknown}
 h - a potion of lignification
 k - 2 potions of curing
 p - a potion of cancellation {unknown}
 q - a potion of degeneration
 s - a potion of heal wounds {unknown}
 t - a potion of mutation {unknown}
Comestibles
 a - 2 bread rations
 f - 2 royal jellies
 u - 3 chunks of flesh


   Skills:
 - Level 4.3 Fighting
 - Level 3.6 Dodging
 - Level 3.6 Stealth
 + Level 7.4 Unarmed Combat


You had 6 spell levels left.
You didn't know any spells.

Dungeon Overview and Level Annotations

Branches:
Dungeon (4/15)
 Temple: D:4-7

Altars:


Innate Abilities, Weirdness & Mutations

You can walk through water.
Your dull iron-grey scales are very hard. (AC +11)
You cannot fit into any form of body armour.
You can survive without breathing.
You are cold-blooded and may be slowed by cold attacks.


Message History

The hound barely misses you.
You hit the hound.
Your tail-slap misses the hound.
The hound is almost dead.
The hound misses you.
You closely miss the hound.
The hound is almost dead.
The hound closely misses you. The hound bites you but does no damage.
You closely miss the hound.
The hound is almost dead.
The hound bites you.
You hit the hound.
You kill the hound!
You feel your intelligence returning.
You have reached level 7!
Your scales start taking on a dull iron-grey colour.
You learn Air Magic much slower.
You learn Earth Magic much quicker.
You can walk through water.
You feel breathless.
Unknown command.
Are you sure you want to abandon this character and quit the game? (Confirm with "yes".)

###.## #.## ##.# #..# #..#
#..########## #..#
###............ ##.##
##..############ #..##
##..#.......# # ^...####
###............ #
###....####
##.............. # #
####....####..@............
# ####...#..#.............
# ####..##.............
##.##.)...........
#.##.............
#..#......... ##.#........
#.##....... #..#


There were no monsters in sight!

Vanquished Creatures
  An ogre (D:4)
  A scorpion (D:4)
  3 hounds
  An orc wizard (D:4)
  3 worker ants
  7 adders
  4 gnolls (D:4)
  4 oozes
  A worm (D:2)
  A dart slug (D:1)
  4 leopard geckos
  10 orcs (D:4)
  5 giant cockroaches
  5 goblins
  5 hobgoblins
  A quokka (D:3)
  9 ball pythons
  5 bats
  3 frilled lizards
  8 kobolds
  6 rats
87 creatures vanquished.

Notes
Turn   | Place    | Note
-------+----------+-------------------------------------------
     0 | D:1      | Alarkh the Draconian Monk began the quest for the Orb.
     0 | D:1      | Reached XP level 1. HP: 22/22 MP: 1/1
    62 | D:1      | Reached skill level 1 in Unarmed Combat
   176 | D:1      | Reached XP level 2. HP: 28/28 MP: 2/2
   277 | D:1      | Reached skill level 2 in Unarmed Combat
   528 | D:1      | Reached XP level 3. HP: 30/34 MP: 3/3
   770 | D:2      | Reached skill level 3 in Unarmed Combat
   911 | D:2      | Reached XP level 4. HP: 36/41 MP: 4/4
  1051 | D:2      | Reached skill level 4 in Unarmed Combat
  1681 | D:3      | Reached XP level 5. HP: 47/47 MP: 5/5
  1741 | D:3      | Reached skill level 5 in Unarmed Combat
  2174 | D:4      | Reached skill level 6 in Unarmed Combat
  2174 | D:4      | Reached XP level 6. HP: 52/53 MP: 6/6
  2887 | D:4      | Reached skill level 7 in Unarmed Combat
  3114 | D:4      | Your scales start taking on a dull iron-grey colour.
  3114 | D:4      | Reached XP level 7. HP: 50/60 MP: 7/7
  3114 | D:4      | Gained mutation: You can survive without breathing. [Grey Draconian growth]
  3115 | D:4      | Quit the game

Vault maps used:
D:1:      evilmike_arrival_fibonacci_small
D:2:      nrook_mini_vaults, minmay_snake_closets
D:3:      first_bread

Skill      XL: |  1  2  3  4  5  6 |
---------------+-------------------+-----
Unarmed Combat | 1 2 3 4 6 7 |  7.4
Fighting       | |  4.3
Dodging        | |  3.6
Stealth        | |  3.6

Action                   |  1- 3 |  4- 6 |  7- 9 || total
-------------------------+-------+-------+-------++-------
Melee: Unarmed           |   115 |   212 |       ||   327
       Tailslap          |    16 |    26 |       ||    42
       Punch             |     1 |       |       ||     1
  Use: Potion            |       |     4 |       ||     4
 Stab: Sleeping          |     8 |    10 |       ||    18
  Eat: Chunk             |       |     7 |       ||     7
Armor: Skin              |    20 |    60 |       ||    80
Dodge: Dodged            |    78 |   137 |       ||   215
